 Dungeon Crawl Stone Soup version 0.31-a0-229-g1fc7ce93e2 (webtiles) character file.

Game seed: 13937975146149139884

291 innerfire43 the Chopper (level 6, -8/48 HPs)
             Began as a Demonspawn Monk on July 6, 2023.
             Was a Believer of Cheibriados.
             Mangled by Menkaure (17 damage)
             ... on level 4 of the Dungeon.
             The game lasted 00:03:11 (2750 turns).

innerfire43 the Chopper (Demonspawn Monk)           Turns: 2750, Time: 00:03:12

Health: -8/48      AC:  4    Str: 25    XL:     6   Next: 10%
Magic:  6/6        EV: 14    Int: 16    God:    Cheibriados [**....]
Gold:   144        SH:  5    Dex: 20    Spells: 5/5 levels left

rFire   . . .        a - +0 hand axe
rCold   . . .        d - orb {light}
rNeg    . . .        C - +2 robe {Will+}
rPois   .            (no helmet)
rElec   .            (no cloak)
rCorr   .            (no gloves)
SInv    .            (no boots)
Will    +....        q - amulet of reflection
Stlth   +            f - +6 ring of strength
HPRegen 0.28/turn    (no ring)
MPRegen 0.10/turn

%: reflection
@: glowing, very slow
A: weakness stinger 1
a: Renounce Religion, Bend Time


You were on level 4 of the Dungeon.
You worshipped Cheibriados.
Cheibriados was pleased with you.
You visited 1 branch of the dungeon, and saw 4 of its levels.

You collected 144 gold pieces.

Inventory:

Hand Weapons
 a - a +0 hand axe (weapon)
 n - a +0 dagger of freezing
 y - a +0 trident of protection
Missiles
 u - 2 javelins
Armour
 b - a +0 robe
 d - an orb of light (worn)
 j - an orb of guile
 v - a +0 ring mail
 C - a +2 robe of willpower (worn)
Jewellery
 f - a +6 ring of strength (left hand)
 q - an amulet of reflection (around neck)
 r - a ring of ice
Scrolls
 e - a scroll of revelation
 g - 4 scrolls of identify {unknown}
 m - 4 scrolls of amnesia {unknown}
 o - a scroll of blinking {unknown}
 p - a scroll of torment {unknown}
 t - 2 scrolls of brand weapon {unknown}
 w - a scroll of butterflies {unknown}
 x - 3 scrolls of noise {unknown}
 z - a scroll of poison {unknown}
Potions
 h - 2 potions of brilliance {unknown}
 i - a potion of attraction {unknown}
 k - 2 potions of heal wounds {unknown}
 l - a potion of magic {unknown}
 s - 2 potions of resistance {unknown}
 A - a potion of curing {unknown}
 B - 2 potions of haste {unknown}
 D - a potion of mutation {unknown}


   Skills:
 + Level 4.3 Fighting
 * Level 4.8 Axes
 + Level 3.8 Dodging


You had 5 spell levels left.
You didn't know any spells.
Your spell library contained the following spells:

 Spells                   Type           Power      Damage    Failure   Level
 Sandblast                Erth           0%         2d4       26%         1
 Passwall                 Tmut/Erth      0%         N/A       36%         2
 Stone Arrow              Conj/Erth      0%         3d7       58%         3


Dungeon Overview and Level Annotations

Branches:
Dungeon (4/15)
 Temple: D:4-7

Altars:
Cheibriados
Dithmenos

Annotations:
D:4 Menkaure


Innate Abilities, Weirdness & Mutations

You have a small tail.


Message History

You hit the ogre but do no damage. You tail-slap the ogre.
The ogre is heavily wounded.
You barely miss the howler monkey. You hit the sleepcap but do no damage.
The howler monkey hits you. The sleepcap releases spores at you.
You are engulfed in a cloud of soporific spores!
You are unaffected.
Unknown command.
You hit the ogre.
The ogre is severely wounded.
You hit the howler monkey. You hit the sleepcap. The ogre misses you.
The howler monkey misses you. The sleepcap releases spores at you.
You are confused.
You feel invigorated.
The howler monkey hits you but does no damage.
The sleepcap releases spores at you. The ogre hits you with a +0 giant club!
* * * LOW HITPOINT WARNING * * *
The howler monkey hits you.
* * * LOW HITPOINT WARNING * * *
You barely miss the ogre.
The ogre is severely wounded.
You hit the sleepcap but do no damage. You barely miss the howler monkey.
The sleepcap releases spores at you but does no damage.
The howler monkey completely misses you.
The ogre completely misses you.
Found 12 gold pieces.
Menkaure sighs drily.
The howler monkey barely misses you. The sleepcap closely misses you.
You closely miss the howler monkey.
The howler monkey is moderately wounded.
You hit the sleepcap. The howler monkey barely misses you.
Menkaure shouts, "The sands of time shall wipe you from history!"
The sleepcap releases spores at you.
You are engulfed in a cloud of soporific spores!
You fall asleep.
You feel less invigorated.
You feel less confused. The howler monkey hits you!
You wake up.
* * * LOW HITPOINT WARNING * * *
Menkaure hits you!
You die...

###.........##........#...
#..#..#####..####.......
...............###.......
.........##.......<...###.
#..#####..####.........#
#. #######....#
##........#...
#...!...###...#.........
$.....#.#..............#
#.†@#......#...#..##
#.Mhf.....###......#
#....###...###......
##.....#..## #.(....
###........ #......
##...............
......... ....... .
.......


You could see a sleepcap, Menkaure and a howler monkey.

Vanquished Creatures
  A centaur (D:3)
  A howler monkey (D:4)
  An orc priest (D:4)
  An orc wizard (D:4)
  An adder (D:2)
  4 worms
  3 dart slugs
  10 orcs
  11 bats
  7 endoplasms
  5 giant cockroaches
  5 hobgoblins
  3 quokkas (D:2)
  9 ball pythons
  5 frilled lizards
  5 goblins
  5 kobolds
  8 rats
85 creatures vanquished.

Notes
Turn   | Place    | Note
-------+----------+-------------------------------------------
     0 | D:1      | innerfire43 the Demonspawn Monk began the quest for the
                  | Orb.
     0 | D:1      | Reached XP level 1. HP: 18/18 MP: 1/1
     9 | D:1      | You fall into a shaft and drop 1 floor!
   113 | D:2      | Gained mutation: You have a small tail. [demonic ancestry]
   113 | D:2      | Reached XP level 2. HP: 24/24 MP: 2/2
   433 | D:2      | Reached XP level 3. HP: 27/29 MP: 3/3
   753 | D:1      | Found a faded altar of an unknown god.
  1450 | D:2      | Reached XP level 4. HP: 27/35 MP: 4/4
  1871 | D:3      | Found a shadowy altar of Dithmenos.
  1872 | D:3      | Found a snail-covered altar of Cheibriados.
  1892 | D:3      | Became a worshipper of Cheibriados the Contemplative
  1892 | D:3      | Reached * piety under Cheibriados
  1892 | D:3      | Reached ** piety under Cheibriados
  2058 | D:3      | Noticed a centaur
  2065 | D:3      | Killed a centaur
  2066 | D:3      | Reached XP level 5. HP: 35/42 MP: 5/5
  2735 | D:4      | Noticed an ogre
  2739 | D:4      | Noticed Menkaure
  2744 | D:4      | Reached XP level 6. HP: 32/48 MP: 6/6
  2750 | D:4      | Mangled by Menkaure

Illustrated notes

Levels and vault maps discovered:
D:1:      sevenhm_arrival_forest_fort_small_6, layout_rooms,
          hellmonk_ecumenical_altar_blasted
D:2:      kennysheep_big_flooded_room, layout_basic, minmay_circle_x
D:3:      layout_loops_ring, grunt_temple_overflow_open,
          hangedman_abyss_or_decor_lesser_grid
D:4:      layout_cave_pools, general_overflow_altar,
          minmay_temple_entry_nine_rooms, minmay_misc_feat_nine_boxes,
          uniq_menkaure

Skill      XL: |  1  2  3  4 |
---------------+-------------+-----
Axes           | 3 4 |  4.8
Dodging        | 3 |  3.8
Fighting       | 4 |  4.3

Action                     |  1- 3 |  4- 6 || total
---------------------------+-------+-------++-------
  Melee: Hand axe          |   133 |   102 ||   235
         Tailslap          |    20 |    15 ||    35
    Use: Scroll            |     1 |       ||     1
         Potion            |       |     1 ||     1
 Armour: Robe              |    18 |     4 ||    22
         Ring mail         |       |    13 ||    13
  Dodge: Dodged            |    95 |    60 ||   155
  Block: Orb               |     6 |    26 ||    32

Table legend: (Time is in decaauts)
 A = Elapsed time spent in this place.
 B = Non-inter-level travel time spent in this place.
 C = Inter-level travel time spent in this place.
 D = Time resting spent in this place.
 E = Time spent auto-exploring this place.
 F = Levels seen in this place.
 G = Mean time per level.
                   A        B        C        D        E       F      G
               +--------+--------+--------+--------+--------+-----+--------+
         Total |   3106 |   2887 |    219 |      0 |   2257 |   4 |  776.5 |
       Dungeon |   3106 |   2887 |    219 |      0 |   2257 |   4 |  776.5 |
               +--------+--------+--------+--------+--------+-----+--------+

Top non-repeatable levels by time:
     D:2: 1159 daAuts
     D:3: 1029 daAuts
     D:1: 484 daAuts
     D:4: 433 daAuts
